 Dungeon Crawl Stone Soup version 0.28-a0-95-g65e1ffefe4 (webtiles) character file.

Game seed: 11688471825882155999

25008 pokeman the Eclecticist (level 12, -4/69 HPs)
             Began as a Deep Elf Hedge Wizard on Aug 8, 2021.
             Was an Elder of Vehumet.
             Killed from afar by Azrael (27 damage)
             ... with damnation
             ... on level 13 of the Dungeon.
             The game lasted 00:40:50 (15758 turns).

pokeman the Eclecticist (Deep Elf Hedge Wizard)    Turns: 15758, Time: 00:40:51

Health: -4/69      AC:  9    Str:  7    XL:     12   Next: 85%
Magic:  30/35      EV: 12    Int: 25    God:    Vehumet [****..]
Gold:   571        SH:  5    Dex: 14    Spells: 26/46 levels left

rFire   . . .      SeeInvis +   w - +4 flail (venom)
rCold   . . .      Faith    .   t - +0 buckler
rNeg    . . .      Spirit   .   V - +0 troll leather armour
rPois   .          Reflect  .   l - +2 helmet
rElec   .          Harm     .   (no cloak)
rCorr   .          Rampage  +   (no gloves)
Will    +....                   I - +0 pair of boots {rampage}
Stlth   ++........              g - amulet of regeneration
HPRegen 2.21/turn               y - ring of see invisible
MPRegen 0.24/turn               j - ring of wizardry

@: studying Fighting
A: no striking features
a: Renounce Religion


You were on level 13 of the Dungeon.
You worshipped Vehumet.
Vehumet was greatly pleased with you.
You visited 2 branches of the dungeon, and saw 14 of its levels.

You collected 658 gold pieces.
You spent 87 gold pieces at shops.

Inventory:

Hand Weapons
 w - a +4 flail of venom (weapon)
 H - a +0 shortbow
Missiles
 b - 124 arrows
 h - 59 bolts
Armour
 l - a +2 helmet (worn)
 t - a +0 buckler (worn)
 I - a +0 pair of boots of rampaging (worn)
 R - a +2 robe of resistance
 V - a +0 troll leather armour (worn)
Magical Staves
 q - a staff of cold
Jewellery
 g - an amulet of regeneration (around neck)
 j - a ring of wizardry (right hand)
 y - a ring of see invisible (left hand)
 L - a ring of fire
Wands
 E - a wand of acid (4)
 F - a wand of mindburst (23)
Scrolls
 c - 4 scrolls of magic mapping
 e - 6 scrolls of teleportation
 A - a scroll of vulnerability {unknown}
 C - 2 scrolls of immolation {unknown}
 D - a scroll of torment {unknown}
Potions
 a - 6 potions of curing
 v - a potion of heal wounds
 z - a potion of magic
 K - a potion of invisibility {unknown}
 P - a potion of berserk rage {unknown}
 Q - 2 potions of might {unknown}
 T - a potion of attraction {unknown}
Miscellaneous
 N - a phantom mirror


   Skills:
 + Level 5.8 Fighting
 - Level 5.0 Armour
 - Level 3.1 Dodging
 - Level 3.2 Stealth
 - Level 4.0 Shields
 * Level 17.5 Spellcasting
 + Level 10.6 Conjurations
 - Level 1.1 Summonings
 - Level 1.1 Translocations
 + Level 10.1 Fire Magic
 - Level 1.0 Ice Magic
 - Level 1.1 Air Magic
 - Level 1.0 Poison Magic
 - Level 1.2 Evocations


You had 26 spell levels left.
You knew the following spells:

 Your Spells              Type           Power      Damage    Failure   Level
a - Magic Dart            Conj           100%       1d8       1%          1
b - Mephitic Cloud        Conj/Pois/Air  43%        N/A       1%          3
c - Call Imp              Summ           27%        N/A       1%          2
d - Blink                 Tloc           N/A        N/A       1%          2
e - Conjure Flame         Conj/Fire      65%        6-21      1%          3
f - Shock                 Conj/Air       100%       1d9       1%          1
g - Swiftness             Air            27%        N/A       2%          3
h - Freezing Cloud        Conj/Ice/Air   21%        6-21      1%          5

Your spell library contained the following spells:

 Spells                   Type           Power      Damage    Failure   Level
 Ignite Poison            Fire/Tmut/Pois 40%        N/A       1%          3
 Animate Skeleton         Necr           42%        N/A       1%          1
 Corona                   Hex            23%        N/A       1%          1
 Pain                     Necr           84%        1d8       1%          1
 Ensorcelled Hibernation  Hex/Ice        48%        N/A       1%          2
 Passwall                 Tmut/Erth      17%        N/A       1%          2
 Searing Ray              Conj           100%       3d7       1%          2
 Slow                     Hex            21%        N/A       1%          2
 Fulminant Prism          Conj/Hex       24%        3d13      1%          4
 Gell's Gravitas          Tloc           13%        N/A       2%          3
 Lesser Beckoning         Tloc           13%        N/A       2%          3
 Teleport Other           Tloc           27%        N/A       2%          3
 Tukima's Dance           Hex            21%        N/A       4%          3
 Vampiric Draining        Necr           10%        2d7       4%          3
 Lee's Rapid Deconstruct  Erth           10%        3d9*      10%         5
 Invisibility             Hex            10%        N/A       86%         6
 Shatter                  Erth           10%        3d12*     100%        9


Dungeon Overview and Level Annotations

Branches:
Dungeon (13/15)            Temple (1/1) D:6            Lair (0/6) D:8
    Orc (0/2) D:11
 Vaults: D:13-14

Altars:
Ashenzari
Cheibriados
Fedhas
Gozag
Hepliaklqana
Makhleb
Nemelex Xobeh
Qazlal
Ru
Sif Muna
Trog
Uskayaw
Vehumet
Wu Jian
Xom
Yredelemnul
Zin
The Shining One

Shops:
D:4 **   D:5 [   D:6 ((   D:7 !

Annotations:
D:13 Azrael


Message History

Azrael is engulfed in freezing vapours.
Azrael gestures at you.
You hear a sizzling sound!
Azrael is engulfed in freezing vapours.
Azrael gestures at you.
The sticky flame hits you but does no damage.
You are covered in liquid flames!
Casting: Freezing Cloud (dangerous; 1% risk of failure)
Confirm with . or Enter, or press ? or * to list all spells.
Aiming: Freezing Cloud (dangerous; 1% risk of failure)
Press: ? - help, Dir - move target, f/p - Azrael
Aim: Azrael, wielding a +2 scimitar of flaming (heavily wounded)
Okay, then.
You are covered in liquid flames!
You are covered in liquid flames!
There is an open door here.
Casting: Freezing Cloud (dangerous; 1% risk of failure)
Confirm with . or Enter, or press ? or * to list all spells.
Aiming: Freezing Cloud (dangerous; 1% risk of failure)
Press: ? - help, Dir - move target, f/p - Azrael
Aim: Azrael, wielding a +2 scimitar of flaming (heavily wounded) That beam is likely to hit you.
Continue anyway?
You are engulfed in freezing vapours.
The hell hound is engulfed in freezing vapours.
The hell hound barely misses you.
Azrael is engulfed in freezing vapours.
Unknown command.
You are engulfed in freezing vapours.
The hell hound is engulfed in freezing vapours.
You kill the hell hound!
Vehumet accepts your kill.
You feel your power returning.
Azrael is engulfed in freezing vapours.
Azrael is momentarily hidden by a cloud of flames.
Azrael gestures at you.
The sphere of damnation explodes!
The damnation engulfs you!
* * * LOW HITPOINT WARNING * * *
Azrael is engulfed in freezing vapours.
Azrael is engulfed in freezing vapours.
Azrael gestures at you.
The sphere of damnation explodes!
The damnation engulfs you!!
You die...

☼/. ##§#
#○§# #§##
####R#######
#..§§§....(#
#.[§.§§<...#
#...(......#
+.@........+
#..........#
#..........#
#######+####


You could see Azrael.

Vanquished Creatures
  Snorg (D:12)
  Harold (D:9)
  9 two-headed ogres
  Erica (D:10)
  A cyclops (D:12)
  A manticore (D:10)
  An unseen horror (D:12)
  2 gargoyles
  3 kobold demonologists
  3 trolls
  Grinder (D:5)
  A shadow (D:12)
  A vampire (D:9)
  2 wraiths
  33 yaks
  5 fire elementals (D:13)
  3 wyverns
  2 basilisks (D:8)
  10 vampire mosquitoes
  3 wargs (D:11)
  6 water moccasins
  3 hell hounds (D:13)
  An acid dragon (D:13)
  5 orc warriors
  3 sky beasts
  An ice beast (D:7)
  2 black bears
  4 necrophages
  2 phantoms
  3 ogres
  4 centaurs
  A kobold brigand (D:7)
  4 bullfrogs
  3 gnoll sergeants
  5 scorpions
  A water moccasin skeleton (D:5)
  5 killer bees
  3 wights (D:8)
  2 jellies
  4 centaur zombies
  4 hounds
  6 orc priests
  A gnoll shaman (D:6)
  3 centaur skeletons
  Jessica (D:2)
  An iguana (D:5)
  10 orc wizards
  2 hound skeletons (D:4)
  Robin (D:2)
  11 gnolls
  2 howler monkey zombies
  7 adders
  2 shadow imps (D:6)
  A white imp (D:6)
  An ufetubus (D:5)
  An adder skeleton (D:4)
  A worm (D:2)
  2 dart slugs
  33 orcs
  6 endoplasms
  7 giant cockroaches
  14 goblins
  8 hobgoblins
  8 jackals
  4 quokkas
  7 ball pythons
  7 bats
  3 frilled lizards (D:1)
  14 kobolds
  2 rats (D:1)
316 creatures vanquished.

Vanquished Creatures (collateral kills)
  A komodo dragon (D:5)
1 creature vanquished.

Vanquished Creatures (others)
  5 fungi
  19 plants
24 creatures vanquished.

Grand Total: 341 creatures vanquished

Notes
Turn   | Place    | Note
-------+----------+-------------------------------------------
     0 | D:1      | pokeman the Deep Elf Hedge Wizard began the quest for the
                  | Orb.
     0 | D:1      | Reached XP level 1. HP: 10/10 MP: 7/7
   160 | D:1      | Reached XP level 2. HP: 4/16 MP: 2/9
  1169 | D:1      | Reached skill level 5 in Spellcasting
  1406 | D:2      | Noticed Jessica
  1415 | D:2      | Killed Jessica
  1416 | D:2      | Reached skill level 1 in Fighting
  1416 | D:2      | Reached skill level 1 in Armour
  1416 | D:2      | Reached XP level 3. HP: 20/20 MP: 4/11
  1420 | D:2      | Learned a level 3 spell: Mephitic Cloud
  1423 | D:2      | Learned a level 2 spell: Call Imp
  1426 | D:2      | Learned a level 2 spell: Blink
  1430 | D:2      | Learned a level 3 spell: Conjure Flame
  1976 | D:2      | Noticed Robin
  2135 | D:2      | Killed Robin
  2136 | D:2      | Reached XP level 4. HP: 25/25 MP: 6/13
  2993 | D:3      | Learned a level 3 spell: Swiftness
  2995 | D:3      | Found a faded altar of an unknown god.
  3019 | D:3      | Reached skill level 1 in Fire Magic
  3356 | D:3      | Found a glowing golden altar of the Shining One.
  3551 | D:3      | Reached skill level 6 in Spellcasting
  3551 | D:3      | Reached XP level 5. HP: 29/29 MP: 6/15
  3959 | D:4      | Reached skill level 1 in Air Magic
  4156 | D:4      | Found Xaq Uzai's Specific Store.
  4158 | D:4      | Found Xozos's General Store.
  4162 | D:4      | Bought a potion of curing for 33 gold pieces
  4162 | D:4      | Bought a scroll of magic mapping for 38 gold pieces
  4172 | D:4      | Found a large runed translucent door.
  4173 | D:4      | Found a large runed translucent door.
  4174 | D:4      | Noticed a two-headed ogre
  4205 | D:4      | Noticed a phantom
  4220 | D:4      | Noticed a sky beast
  4267 | D:4      | Killed a phantom
  4268 | D:4      | Reached skill level 1 in Poison Magic
  4268 | D:4      | Reached XP level 6. HP: 25/34 MP: 0/17
  4507 | D:4      | Killed a sky beast
  4508 | D:4      | Reached skill level 7 in Spellcasting
  4634 | D:4      | Found a large runed translucent door.
  4634 | D:4      | Found a large runed translucent door.
  4651 | D:4      | Noticed a water moccasin
  4656 | D:4      | Reached skill level 1 in Evocations
  4667 | D:4      | Killed a water moccasin
  4668 | D:4      | Reached XP level 7. HP: 39/39 MP: 11/20
  5113 | D:4      | Got the Incunabulum of the Big Fish
  5116 | D:4      | Learned a level 1 spell: Shock
  5122 | D:4      | Learned a level 5 spell: Freezing Cloud
  5223 | D:5      | Entered Level 5 of the Dungeon
  5246 | D:5      | Reached skill level 8 in Spellcasting
  5391 | D:5      | Found Rydd's Armour Shop.
  5422 | D:5      | Noticed Grinder
  5424 | D:5      | Paralysed by Grinder for 4 turns
  5450 | D:5      | Killed Grinder
  5451 | D:5      | Reached skill level 9 in Spellcasting
  5592 | D:5      | Reached skill level 1 in Ice Magic
  5596 | D:5      | Reached XP level 8. HP: 44/44 MP: 5/23
  5712 | D:5      | Found a sacrificial altar of Ru.
  6039 | D:5      | Found an opulent altar of Gozag.
  6090 | D:5      | Reached skill level 10 in Spellcasting
  6428 | D:5      | Noticed a komodo dragon
  6437 | D:5      | Killed a komodo dragon
  6438 | D:5      | Reached skill level 1 in Shields
  6438 | D:5      | Reached skill level 5 in Conjurations
  6446 | D:5      | Reached skill level 11 in Spellcasting
  6686 | D:5      | Noticed a kobold demonologist
  6709 | D:5      | Killed a kobold demonologist
  6710 | D:5      | Reached XP level 9. HP: 48/48 MP: 10/26
  7152 | D:6      | Found a staircase to the Ecumenical Temple.
  7161 | Temple   | Entered the Ecumenical Temple
  7222 | Temple   | Became a worshipper of Vehumet
  7335 | D:6      | Found Qaaschihu's Antique Weapon Boutique.
  7917 | D:6      | Reached skill level 5 in Fire Magic
  7962 | D:6      | Found Etoedduc's Weapon Shop.
  8056 | D:6      | Reached skill level 12 in Spellcasting
  8531 | D:7      | Reached * piety under Vehumet
  8531 | D:7      | Offered knowledge of Sandblast by Vehumet.
  8635 | D:7      | Found Fiell's Distillery.
  8639 | D:7      | Bought a potion of degeneration for 16 gold pieces
  9226 | D:7      | Found a blossoming altar of Fedhas.
  9467 | D:8      | Offered knowledge of Poisonous Vapours by Vehumet.
  9471 | D:8      | Reached ** piety under Vehumet
  9525 | D:8      | Reached XP level 10. HP: 39/53 MP: 20/28
  9814 | D:8      | Reached skill level 13 in Spellcasting
 10077 | D:8      | Found a hazy altar of Hepliaklqana.
 10077 | D:8      | Found a sparkling altar of Nemelex Xobeh.
 10081 | D:8      | Found a broken altar of Ashenzari.
 10081 | D:8      | Found a snail-covered altar of Cheibriados.
 10082 | D:8      | Found a hide-covered altar of Uskayaw.
 10083 | D:8      | Found a burning altar of Makhleb.
 10084 | D:8      | Found a bloodstained altar of Trog.
 10344 | D:8      | Found a staircase to the Lair.
 10646 | D:9      | Offered knowledge of Searing Ray by Vehumet.
 10689 | D:9      | Found a stormy altar of Qazlal.
 10754 | D:9      | Noticed a two-headed ogre
 10767 | D:9      | Killed a two-headed ogre
 10768 | D:9      | Reached skill level 14 in Spellcasting
 10950 | D:9      | Reached XP level 11. HP: 59/61 MP: 25/31
 11001 | D:9      | Noticed a two-headed ogre
 11019 | D:9      | Killed a two-headed ogre
 11211 | D:9      | Found an ornate altar of the Wu Jian Council.
 11481 | D:9      | Reached *** piety under Vehumet
 11527 | D:9      | Noticed Harold
 11533 | D:9      | Killed Harold
 11534 | D:9      | Reached skill level 15 in Spellcasting
 11984 | D:4      | Killed a two-headed ogre
 12238 | D:10     | Entered Level 10 of the Dungeon
 12385 | D:10     | Offered knowledge of Frozen Ramparts by Vehumet.
 12592 | D:10     | Noticed Erica
 12607 | D:10     | Killed Erica
 12763 | D:10     | Noticed a two-headed ogre
 12768 | D:10     | Killed a two-headed ogre
 12860 | D:10     | Reached skill level 16 in Spellcasting
 12863 | D:10     | Reached **** piety under Vehumet
 12915 | D:10     | Noticed a two-headed ogre
 12931 | D:10     | Killed a two-headed ogre
 12932 | D:10     | Reached XP level 12. HP: 44/66 MP: 25/34
 13668 | D:11     | Noticed a two-headed ogre
 13681 | D:11     | Killed a two-headed ogre
 13681 | D:11     | Offered knowledge of Ignite Poison by Vehumet.
 13985 | D:11     | Found a staircase to the Orcish Mines.
 14125 | D:11     | Reached skill level 10 in Conjurations
 14159 | D:11     | Noticed a two-headed ogre
 14164 | D:11     | Killed a two-headed ogre
 14165 | D:11     | Reached skill level 5 in Armour
 14371 | D:12     | Noticed a two-headed ogre
 14379 | D:12     | Killed a two-headed ogre
 14496 | D:12     | Found a shimmering altar of Xom.
 14498 | D:12     | Found a shimmering altar of Xom.
 14498 | D:12     | Found a radiant altar of Vehumet.
 14500 | D:12     | Found a hazy altar of Hepliaklqana.
 14500 | D:12     | Found a hide-covered altar of Uskayaw.
 14500 | D:12     | Found a shimmering altar of Xom.
 14542 | D:12     | Noticed Snorg
 14554 | D:12     | Killed Snorg
 14555 | D:12     | Reached skill level 17 in Spellcasting
 14572 | D:12     | Reached skill level 5 in Fighting
 14989 | D:12     | Noticed a two-headed ogre
 15007 | D:12     | Killed a two-headed ogre
 15214 | D:12     | Reached skill level 10 in Fire Magic
 15745 | D:13     | Noticed Azrael
 15758 | D:13     | Killed from afar by Azrael

Illustrated notes

Levels and vault maps discovered:
D:1:      evilmike_arrival_plus, layout_basic
D:2:      layout_loops_corners, uniq_jessica, uniq_robin
D:3:      layout_rooms, mainiacjoe_overflow_alcove_2,
          shapermc_ecumenical_altar_mp_urbaneastern, hangedman_decor_push
D:4:      layout_loops_ring, chequers_serial_rivers_micro_e,
          nicolae_specific_store, minmay_hollow_rounded_squares
D:5:      layout_basic, kennysheep_mini_moat,
          nicolae_gozag_cash_rules_everything_around_me, serial_shops,
          nicolae_inconvenience_store, minmay_manual_mandibuliform, uniq_grinder
D:6:      layout_gridville, minmay_temple_entry_mini_moons, serial_shops,
          nicolae_shop_stone, nicolae_diamond_shop, grunt_decor_junction,
          chequers_serial_rivers_small_b
D:7:      layout_rooms, fedhas_ov_isle_minmay, serial_shops, nicolae_shop_trees
D:8:      layout_loops_cross, minitemple, minmay_lair_entry_grove,
          palyth_stone_intersect
D:9:      layout_irregular_city, nzn_wu_jian_council_hall,
          overflow_temple_1_default, minivault_25, uniq_harold
D:10:     layout_stronghold, uniq_erica
D:11:     layout_basic, minmay_orc_entry_guard_dogs,
          hangedman_decor_diamond_cutter
D:12:     layout_loops_ring, doesnt_xom_only_xom, uniq_snorg
D:13:     layout_roguey, david_vaults_5, st_stairs_2, uniq_maurice, uniq_sonja,
          uniq_azrael, uniq_kirke
Temple:   nicolae_temple_figure_zero

Skill      XL: |  1  2  3  4  5  6  7  8  9 10 11 12 |
---------------+-------------------------------------+-----
Spellcasting   | 5 6 7 9 11 12 14 16 17 | 17.5
Fighting       | 1 2 4 5 |  5.8
Armour         | 1 2 4 5 |  5.0
Conjurations   | 2 3 4 5 6 8 9 10 | 10.6
Fire Magic     | 1 2 4 5 7 9 10 | 10.1
Dodging        | 3 |  3.1
Air Magic      | 1 |  1.1
Stealth        | 3 |  3.2
Poison Magic   | 1 |  1.0
Evocations     | 1 |  1.2
Ice Magic      | 1 |  1.0
Shields        | 2 3 4 |  4.0
Summonings     | |  1.1
Translocations | |  1.1

Action                   |  1- 3 |  4- 6 |  7- 9 | 10-12 || total
-------------------------+-------+-------+-------+-------++-------
Melee: Dagger            |    23 |    15 |       |       ||    38
       Spear             |       |    46 |    31 |       ||    77
       Flail             |       |       |    29 |   124 ||   153
 Cast: Magic Dart        |    96 |   132 |    22 |    15 ||   265
       Mephitic Cloud    |     2 |     2 |    14 |    24 ||    42
       Conjure Flame     |     1 |     2 |    15 |    31 ||    49
       Blink             |       |     1 |       |     5 ||     6
       Shock             |       |       |   277 |   134 ||   411
       Call Imp          |       |       |       |     9 ||     9
       Freezing Cloud    |       |       |       |    47 ||    47
       Swiftness         |       |       |       |     1 ||     1
  Use: Scroll            |       |       |       |    13 ||    13
 Stab: Confused          |     2 |     2 |     5 |     7 ||    16
Armor: Leather armour    |     1 |    41 |    50 |    46 ||   138
       Troll leather arm |       |       |       |     6 ||     6
Dodge: Dodged            |    32 |    50 |    93 |    87 ||   262
Block: Buckler           |       |       |       |    22 ||    22

Table legend: (Time is in decaauts)
 A = Elapsed time spent in this place.
 B = Non-inter-level travel time spent in this place.
 C = Inter-level travel time spent in this place.
 D = Time resting spent in this place.
 E = Time spent auto-exploring this place.
 F = Levels seen in this place.
 G = Mean time per level.
                   A        B        C        D        E       F      G
               +--------+--------+--------+--------+--------+-----+--------+
         Total |  15841 |  14875 |    966 |    765 |  11679 |  14 | 1131.5 |
       Dungeon |  15726 |  14781 |    945 |    765 |  11627 |  13 | 1209.7 |
        Temple |    115 |     95 |     20 |      0 |     52 |   1 |  115.0 |
               +--------+--------+--------+--------+--------+-----+--------+

Top non-repeatable levels by time:
     D:5: 1987 daAuts
     D:2: 1451 daAuts
     D:1: 1436 daAuts
     D:4: 1392 daAuts
     D:6: 1389 daAuts
    D:10: 1312 daAuts
     D:9: 1306 daAuts
     D:8: 1304 daAuts
     D:3: 1129 daAuts
    D:12: 1129 daAuts
     D:7: 1023 daAuts
    D:11: 840 daAuts
  Temple: 115 daAuts
    D:13: 21 daAuts
